 Dungeon Crawl Stone Soup version 0.25-a0-292-gaa31f046c4 (webtiles) character file.

Game seed: 3649920263247714094, levelgen mode: deterministic

696049 MordorOrchid the Shatterer (level 27, -3/170 HPs)
             Began as a Gargoyle Fighter on Dec 7, 2019.
             Was the Champion of Cheibriados.
             Slain by a reaper
             ... wielding a +2 scythe of venom
              (44 damage)
             ... on level 7 of Tartarus on Dec 16, 2019.
             The game lasted 07:34:42 (41342 turns).

MordorOrchid the Shatterer (Gargoyle Fighter)      Turns: 41342, Time: 07:34:43

Health: -3/170     AC: 47    Str: 47    XL:     27
Magic:  36/54      EV: 19    Int: 47    God:    Cheibriados [******]
Gold:   1079       SH: 24    Dex: 26    Spells: 10/62 levels left

rFire    . . .     SeeInvis .   a - +6 eveningstar of Qazlal's Envy {crush, Stlth+}
rCold    + + +     Gourm    .   s - +2 shield of Resistance {rF+ rC+ MR+}
rNeg     + . .     Faith    .   E - +2 chain mail of the Sun {rC++ rCorr Int+4 Slay+5}
rPois    ∞         Spirit   .   D - +2 helmet
rElec    +         Reflect  .   H - scarf {cloud immunity}
rCorr    +         Harm     .   i - +2 pair of gloves {Str+3}
MR       +++++     Clarity  +   d - +2 pair of boots of the Blue Skies {+Inv rPois rF- rCorr}
Stlth    +.........             u - amulet of Elow {Regen+ Int+5}
HPRegen  1.78/turn              Z - ring "Lipubo" {Wiz rC+ Str+6 Dex+2}
MPRegen  0.34/turn              t - ring "Xuuklorgh" {MR++ rCorr MP+9}

@: flying, regenerating (expiring), lightly drained, very slow
A: big wings, large bone plates 1, clarity, clever 2, negative energy resistance
1, electricity resistance, unbreathing, evolution 1, petrification resistance,
rot immunity, AC +20
}: 5/15 runes: serpentine, barnacled, slimy, silver, icy
a: Stop Flying, Bend Time, Temporal Distortion, Slouch, Step From Time, Renounce
Religion, Evoke Invisibility


You were on level 7 of Tartarus.
You worshipped Cheibriados.
Cheibriados was exalted by your worship.
You were not hungry.

You visited 14 branches of the dungeon, and saw 65 of its levels.
You visited the Abyss 1 time.
You visited 1 bazaar.
You also visited: Gauntlet.

You collected 9587 gold pieces.
You spent 8508 gold pieces at shops.

Inventory:

Hand Weapons
 a - the +6 eveningstar of Qazlal's Envy (weapon) {crush, Stlth+}
   (You bought it in a shop on level 6 of the Dungeon)

   It inflicts extra damage upon your enemies.
   It makes you more stealthy.
Missiles
 c - a curare-tipped dart
 g - 8 throwing nets
 j - 67 javelins
 k - 37 boomerangs (quivered)
Armour
 d - the +2 pair of boots of the Blue Skies (worn) {+Inv rPois rF- rCorr}
   (You acquired it on level 1 of the Lair of Beasts)

   It makes you vulnerable to fire.
   It protects you from poison.
   It lets you turn invisible.
   It provides partial protection from all sources of acid and corrosion.
 i - a +2 pair of gloves of strength (worn)
 s - the +2 shield of Resistance (worn) {rF+ rC+ MR+}
   (You found it on level 3 of the Elven Halls)

   It protects you from fire.
   It protects you from cold.
   It affects your resistance to hostile enchantments.
 D - a +2 helmet (worn)
 E - the +2 chain mail of the Sun (worn) {rC++ rCorr Int+4 Slay+5}
   (You took it off a vault guard on level 5 of the Vaults)

   It affects your intelligence (+4).
   It affects your accuracy and damage with ranged weapons and melee attacks
   (+5).
   It greatly protects you from cold.
   It provides partial protection from all sources of acid and corrosion.
 H - a scarf of cloud immunity (worn)
Magical Staves
 x - an uncursed staff of energy
Jewellery
 t - the ring "Xuuklorgh" (right hand) {MR++ rCorr MP+9}
   (You took it off an orc on level 5 of the Vaults)

   [ring of resist corrosion]

   It affects your resistance to hostile enchantments.
   It affects your magic capacity (+9).
   It provides partial protection from all sources of acid and corrosion.
 u - the amulet of Elow (around neck) {Regen+ Int+5}
   (You found it in a Gauntlet)

   [amulet of regeneration]

   It affects your intelligence (+5).
   It increases your rate of regeneration.
 y - an uncursed ring of protection from fire
 Z - the ring "Lipubo" (left hand) {Wiz rC+ Str+6 Dex+2}
   (You found it on level 5 of the Pits of Slime)

   [ring of wizardry]

   It improves your spell success rate.
   It affects your strength (+6).
   It affects your dexterity (+2).
   It protects you from cold.
Wands
 m - a wand of digging (17)
 p - a wand of clouds (6)
 K - a wand of paralysis (38)
 P - a wand of enslavement (28)
 S - a wand of acid (31)
 U - a wand of polymorph (4)
Scrolls
 e - 9 scrolls of identify
 l - 2 scrolls of summoning
 q - 6 scrolls of fear
 w - 14 scrolls of teleportation
 C - a scroll of amnesia
 F - 12 scrolls of fog
 J - 6 scrolls of immolation
 N - 11 scrolls of blinking
 T - 2 scrolls of remove curse
 X - a scroll of silence
Potions
 n - 13 potions of heal wounds
 v - 10 potions of curing
 A - 6 potions of ambrosia
 I - 5 potions of resistance
 L - 10 potions of brilliance
 M - 2 potions of invisibility
 Q - 8 potions of magic
Miscellaneous
 b - a lamp of fire
 h - 3 phantom mirrors
 o - a crystal ball of energy
 r - the horn of Geryon
 B - 6 boxes of beasts
 O - 6 sacks of spiders
 V - a phial of floods
Comestibles
 f - 83 rations


   Skills:
 - Level 16.6(16.1) Fighting
 - Level 21.1(20.6) Maces & Flails
 - Level 12.2(11.8) Throwing
 - Level 16.0(15.5) Armour
 - Level 10.1(9.7) Dodging
 - Level 5.0(4.6) Stealth
 - Level 15.4(14.9) Shields
 - Level 18.0(17.5) Spellcasting
 - Level 8.0(7.6) Conjurations
 - Level 3.0(2.6) Charms
 - Level 9.4(9.0) Summonings
 - Level 8.1(7.7) Necromancy
 - Level 11.4(11.0) Translocations
 - Level 8.0(7.6) Transmutations
 - Level 5.0(4.6) Air Magic
 * Level 17.2(16.7) Earth Magic
 - Level 15.0(14.5) Invocations
 - Level 9.0(8.6) Evocations


You had 10 spell levels left.
You knew the following spells:

 Your Spells              Type           Power        Failure   Level  Hunger
a - Lesser Beckoning      Tloc           #######...   1%          3    None
b - Summon Butterflies    Summ           #######.     1%          1    None
j - Summon Lightning Spi  Summ/Air       #######.     1%          4    None
k - Regeneration          Chrm/Necr      ######....   1%          3    None
p - Passage of Golubria   Tloc           N/A          1%          4    None
r - Irradiate             Conj/Tmut      #######...   1%          5    None
s - Summon Forest         Summ/Tloc      #######...   1%          5    None
u - Animate Dead          Necr           N/A          1%          4    None
v - Death Channel         Necr           #######...   2%          6    None
w - Passwall              Tmut/Erth      ########     0%          2    None
x - Blink                 Tloc           N/A          0%          2    None
z - Apportation           Tloc           ######       0%          1    None
E - Borgnjor's Vile Clut  Necr/Erth      ########..   1%          5    None
S - Malign Gateway        Summ/Tloc      #######...   6%          7    None

Your spell library contained the following spells:

 Spells                   Type           Power        Failure   Level  Hunger
 Sandblast                Erth           ######       0%          1    None
 Stone Arrow              Conj/Erth      ######       0%          3    None
 Animate Skeleton         Necr           N/A          1%          1    None
 Beastly Appendage        Tmut           ######       1%          1    None
 Confusing Touch          Hex            #####.       1%          1    None
 Foxfire                  Conj/Fire      ####         1%          1    None
 Freeze                   Ice            ####         1%          1    None
 Infusion                 Chrm           ####         1%          1    None
 Magic Dart               Conj           ####         1%          1    None
 Pain                     Necr           ####         1%          1    None
 Summon Small Mammal      Summ           ####         1%          1    None
 Call Imp                 Summ           #######.     1%          2    None
 Corpse Rot               Necr/Air       N/A          1%          2    None
 Ensorcelled Hibernation  Hex/Ice        #####.       1%          2    None
 Poisonous Vapours        Pois/Air       ######       1%          2    None
 Searing Ray              Conj           ######       1%          2    None
 Shroud of Golubria       Chrm/Tloc      ######       1%          2    None
 Slow                     Hex            #####...     1%          2    None
 Sticks to Snakes         Tmut           #######.     1%          2    None
 Call Canine Familiar     Summ           #######.     1%          3    None
 Confuse                  Hex            #####...     1%          3    None
 Conjure Flame            Conj/Fire      ######..     1%          3    None
 Dazzling Flash           Conj/Hex       ######       1%          3    None
 Gell's Gravitas          Tloc           #######...   1%          3    None
 Ignite Poison            Fire/Tmut/Pois ######..     1%          3    None
 Inner Flame              Hex/Fire       #####...     1%          3    None
 Mephitic Cloud           Conj/Pois/Air  ######..     1%          3    None
 Ozocubu's Armour         Chrm/Ice       ######..     1%          3    None
 Recall                   Summ/Tloc      N/A          1%          3    None
 Spider Form              Tmut/Pois      ######....   1%          3    None
 Summon Guardian Golem    Hex/Summ       ######..     1%          3    None
 Teleport Other           Tloc           #######.     1%          3    None
 Tukima's Dance           Hex            #####...     1%          3    None
 Vampiric Draining        Necr           #######...   1%          3    None
 Fulminant Prism          Conj/Hex       ######....   1%          4    None
 Hailstorm                Conj/Ice       ######..     1%          4    None
 Ice Form                 Ice/Tmut       ######..     1%          4    None
 Iskenderun's Mystic Bla  Conj/Tloc      #######.     1%          4    None
 Leda's Liquefaction      Hex/Erth       #######...   1%          4    None
 Petrify                  Tmut/Erth      ########     1%          4    None
 Sticky Flame             Conj/Fire      ######..     1%          4    None
 Summon Ice Beast         Ice/Summ       ######..     1%          4    None
 Aura of Abjuration       Summ           #######...   1%          5    None
 Blade Hands              Tmut           #######...   1%          5    None
 Bolt of Magma            Conj/Fire/Erth #######...   1%          5    None
 Iskenderun's Battlesphe  Conj/Chrm      ######..     1%          5    None
 Lee's Rapid Deconstruct  Erth           ########..   1%          5    None
 Summon Demon             Summ           #######...   1%          5    None
 Summon Mana Viper        Hex/Summ       ######..     1%          5    None
 Dispersal                Tloc           #######...   1%          6    None
 Iron Shot                Conj/Erth      ########..   1%          6    None
 Shadow Creatures         Summ           N/A          1%          6    None
 Alistair's Intoxication  Tmut/Pois      ######..     2%          5    None
 Fireball                 Conj/Fire      ######....   2%          5    None
 Yara's Violent Unravell  Hex/Tmut       ######....   2%          5    None
 Hydra Form               Tmut           #######...   2%          6    None
 Silence                  Hex/Air        ######....   4%          5    None
 Monstrous Menagerie      Summ           #######...   9%          7    None
 Summon Greater Demon     Summ           #######...   9%          7    None
 Summon Hydra             Summ           #######...   9%          7    None
 Metabolic Englaciation   Hex/Ice        #####.....   12%         5    None
 Freezing Cloud           Conj/Ice/Air   ######....   12%         6    None
 Spellforged Servitor     Conj/Summ      #######...   12%         7    None
 Simulacrum               Ice/Necr       ######....   13%         6    None
 Eringya's Noxious Bog    Tmut/Pois      ######....   14%         6    None
 Starburst                Conj/Fire      ######....   14%         6    None
 Deflect Missiles         Chrm/Air       ######....   16%         6    None
 Dragon Form              Tmut           #######...   16%         7    None
 Orb of Destruction       Conj           #######...   16%         7    None
 Shatter                  Erth           ########..   41%         9    ####...
 Darkness                 Hex            #####.....   52%         6    None
 Invisibility             Hex            #####...     52%         6    None
 Summon Horrible Things   Summ           #######...   52%         8    ##.....
 Ring of Flames           Chrm/Fire      ######....   88%         7    None
 Ignition                 Fire           #####.....   100%        8    ##.....
 Dragon's Call            Summ           #######...   100%        9    ####...
 Statue Form              Tmut/Erth      Unusable     N/A         6    N/A

Dungeon Overview and Level Annotations

Branches:
Dungeon (15/15)            Temple (1/1) D:5            Lair (6/6) D:10
 Shoals (4/4) Lair:2        Snake (4/4) Lair:3        Slime (5/5) Lair:5
    Orc (2/2) D:12            Elf (3/3) Orc:2        Vaults (5/5) D:14
  Crypt (0/3) Vaults:3     Depths (5/5) D:15           Hell (visited)
    Dis (1/7) Hell            Geh (0/7) Hell            Coc (7/7) Hell
    Tar (7/7) Hell            Zot (0/5) Depths:5    Gauntlet (visited)

Altars:
Ashenzari
Cheibriados
Dithmenos
Elyvilon
Gozag
Kikubaaqudgha
Nemelex Xobeh
Okawaru
Qazlal
Ru
Trog
Uskayaw
Wu Jian
Xom
Yredelemnul
Zin
Beogh
Jiyva

Shops:
D:5 *   D:6 =[(   D:7 *   D:9 (}   Orc:2 ?!(?}   Elf:3 :*%   Snake:4 [
Vaults:5 (   Depths:1 =}}*   Depths:4 %[*

Portals:
Hell: Depths:1 Depths:2 Depths:3 Depths:4 Depths:5
Abyss: Depths:4
Pandemonium: Depths:3 Depths:5
Ziggurat: Depths:2
Trove: D:15 (give +6 fire dragon scales)

Annotations:
D:6 Blork the orc
D:15 1 runed translucent door
Lair:1 exclusion: 4 oklob plants
Lair:4 3 runed translucent doors, Noxiv's ghost, journeyman FoFi
Depths:3 3 runed translucent doors, Jipp's ghost, legendary TrMo; Wauceedgh's ghost, veteran KoWz
Tar:7 Ereshkigal


Innate Abilities, Weirdness & Mutations

You are resistant to torment.
Your stone body is resilient. (AC +20)
You are immune to poison.
Your large and strong wings let you fly indefinitely.
You resist negative energy. (rN+)
You are resistant to electric shocks. (rElec)
You can survive without breathing.
You are immune to petrification.
You are immune to rotting.
You are partially covered in large bone plates. (SH +4)
You possess an exceptional clarity of mind.
Your mind is very acute. (Int +4)
You evolve.


Message History

Your eldritch tentacle claws the reaper!!
The reaper seems to grow stronger.
Unknown command.
You bludgeon the ancient lich!!
The ancient lich is almost destroyed.
You block the Brimstone Fiend's attack. x2
The Brimstone Fiend hits you but does no damage.
Your eldritch tentacle slaps the shadow demon.
Your eldritch tentacle freezes the shadow demon.
The shadow demon resists.
Your eldritch tentacle claws the shadow demon!!
Your eldritch tentacle sears the shadow demon!!
The shadow demon dies!
Cheibriados appreciates the change of pace.
The chaos spawn degenerates into a cloud of primal chaos!
The spiny frog zombie dissolves into shadows!
The silent spectre dissolves into shadows!
The ancient lich misses you.
The reaper hits you from afar with a +2 scythe of venom!!!
You die...

,,,,,,,,,,,,,,,,,*,,,,,,,,,,,,,,,
,*,*,*,*,*,*,*,*,*,,*,,,,,,,,,*,,
,,,,,,,,,,,,,,,,,*,,,,,.,,,,,,,,,
*,*,*,*,*,*,*,*,**,,,,..,,,,,,,,,
,,,,,,,,,,,,,,,,,*,,,..,,,,,,,,,,
,*,*,*,*,*,*,*,*,*,4....,,,,,,,,,
,,,,,,,.,,,,,,,,,*,.#...,,,,,,*,,
########'#########§.....,,,,,,,,,
................@L......,,,,,,,,,
)...............1.2.....,,,,,,,,,
..................w.....,,,,,,,,,
........⌠......../..#...,,,,,,*,,
................<.......,,,,,,,,,
.................\...[..,,,,,,,,,
..................*.....,,,,,,,,,
........................,,,,,,,,,
..############......#..,,,,,,,*,,


You could see an ancient lich, a Brimstone Fiend, a reaper and a friendly
eldritch tentacle.

Vanquished Creatures
  Antaeus (Coc:7)
  the Royal Jelly (Slime:5)
  An ancient lich (Vaults:5)
  A juggernaut (Depths:3)
  Saint Roka (Depths:4)
  Margery (Depths:3)
  7 shard shrikes
  A caustic shrike (Depths:3)
  Geryon (Hell)
  5 bone dragons
  11 Tzitzimimeh
  2 tentacled monstrosities (Vaults:5)
  2 doom hounds
  12 Ice Fiends (Coc:7)
  Asterion (Snake:3)
  3 liches
  21 acid blobs
  5 titans
  2 deep elf blademasters (Elf:3)
  A sphinx (Depths:4)
  A deep elf master archer (Elf:3)
  Polyphemus (Shoals:2)
  2 krakens
  A quicksilver dragon (Vaults:5)
  4 tengu reavers
  4 storm dragons
  12 azure jellies
  Ilsuiw (Shoals:2)
  5 shadow dragons
  The ghost of Volibb the Fighter, a journeyman HONe of Trog (D:14)
  10 nagarajas (Snake:4)
  9 fire giants
  A revenant (Hell)
  9 deep elf sorcerers
  20 vault wardens
  2 iron dragons
  Aizul (Snake:2)
  3 balrugs
  9 frost giants
  A draconian shifter (Depths:5)
  An emperor scorpion (Lair:3)
  2 orc warlords (Depths:4)
  2 spriggan defenders
  4 deep elf elementalists
  13 ironheart preservers
  4 elemental wellsprings
  18 very ugly things
  15 reapers
  An entropy weaver (shapeshifter) (Vaults:4)
  5 deep elf demonologists
  3 war gargoyles
  19 stone giants
  2 entropy weavers (Vaults:4)
  2 black draconians (Depths:5)
  7 vampire knights
  8 deep elf annihilators
  A dire elephant (Gauntlet)
  2 minotaurs
  3 yellow draconians (Depths:5)
  7 spark wasps
  3 blizzard demons
  A lorocyproca (Depths:4)
  5 merfolk javelineers
  17 merfolk impalers
  3 eidola
  20 ettins
  2 quicksilver dragon zombies (Coc:7)
  6 death oozes
  3 deep elf high priests
  5 fire dragons
  8 deep elf death magi
  A green death (Depths:4)
  4 jiangshi
  10 great orbs of eyes
  4 rakshasas
  12 naga warriors
  A quicksilver dragon skeleton (Coc:7)
  11 yaktaur captains
  Fannar (D:10)
  31 vault guards
  2 hydras (Lair:6)
  15 ice dragons
  7 catoblepae
  Erica (D:8)
  2 spriggan air magi (Depths:5)
  19 anacondas
  42 two-headed ogres
  5 merfolk avatars
  4 death knights
  A two-headed ogre (shapeshifter) (Vaults:4)
  10 centaur warriors
  6 merfolk aquamancers
  13 dancing weapons
  2 alligator snapping turtles
  14 death yaks
  4 deep troll earth magi
  An orc high priest (Orc:2)
  7 tengu warriors
  A hell hog (Hell)
  7 deep troll shamans
  A queen ant (Lair:2)
  10 ogre magi
  5 hell knights
  5 vampire magi
  4 spriggan berserkers
  A titan zombie (Tar:3)
  18 naga sharpshooters
  2 titan skeletons
  9 shock serpents
  Nergalle (D:12)
  6 soul eaters
  A fire crab (shapeshifter) (Vaults:1)
  3 storm dragon zombies
  6 deep elf knights
  2 salamander mystics
  8 sun demons
  A sixfirhy (Abyss:2)
  A spectral minotaur (Depths:2)
  12 sea snakes
  3 storm dragon skeletons
  24 deep trolls
  38 skeletal warriors
  A spectral anaconda (Depths:2)
  3 iron trolls (Depths:4)
  A quicksilver dragon simulacrum (Hell)
  8 glowing orange brains
  2 golden dragon zombies
  10 flayed ghosts
  3 anaconda zombies
  5 unseen horrors
  2 shadow demons
  An unseen horror (shapeshifter) (Depths:3)
  2 kraken simulacra (Shoals:4)
  A deep troll (shapeshifter) (Depths:5)
  6 wizards
  11 orc knights
  6 naga ritualists
  2 spectral hydras (Depths:2)
  13 phantasmal warriors
  2 harpies (shapeshifter)
  2 orange crystal statues (Depths:2)
  8 deep elf archers
  A golden dragon skeleton (Coc:7)
  15 ironbrand convokers
  A shadow dragon zombie (Tar:7)
  An anaconda skeleton (Tar:1)
  2 iron dragon zombies
  A frost giant zombie (Tar:4)
  4 necromancers
  14 harpies
  15 mana vipers
  2 orc sorcerers
  24 deep elf magi
  An oklob plant (Lair:6)
  A fire giant zombie (Coc:7)
  15 salamanders
  54 ugly things
  11 manticores
  4 stone giant zombies
  A tengu skeleton (Depths:2)
  A worldbinder (Abyss:2)
  55 slime creatures
  7 fauns
  A frost giant skeleton (Coc:7)
  3 shining eyes
  8 cyclopes
  4 stone giant skeletons
  An elephant (shapeshifter) (Vaults:5)
  12 vault sentinels
  7 elephants
  40 black mambas
  4 iron dragon skeletons
  19 merfolk sirens
  Joseph (D:7)
  16 guardian serpents
  2 eyes of devastation
  10 spiny frogs
  2 dire elephant zombies
  2 ice statues (Hell)
  25 naga magi
  A rust devil (Hell)
  4 gargoyles
  3 orange demons
  2 hellions (Hell)
  8 water nymphs
  2 spiny frogs (shapeshifter)
  A smoke demon (Hell)
  A komodo dragon (shapeshifter) (Vaults:3)
  2 rime drakes
  2 elves (Depths:4)
  16 freezing wraiths
  8 tormentors
  5 komodo dragons
  48 yaktaurs
  A demonic crawler (Hell)
  2 rime drakes (shapeshifter)
  4 kobold demonologists
  2 spectral merfolk (Depths:2)
  6 hydra zombies
  An anaconda simulacrum (Depths:2)
  2 harpy zombies
  A queen bee (shapeshifter) (Vaults:1)
  2 polar bears
  2 catoblepas skeletons
  10 ice devils
  20 merfolk
  2 silent spectres
  A wind drake (shapeshifter) (Vaults:3)
  4 red devils (Hell)
  3 tengu conjurers
  An ancient zyme (Abyss:2)
  2 wind drakes
  9 trolls
  2 jumping spiders (shapeshifter)
  3 hornets
  A hornet (shapeshifter) (Depths:4)
  3 hydra skeletons
  A sphinx simulacrum (Vaults:1)
  2 alligator zombies
  4 large abominations
  3 raiju
  6 snapping turtles
  17 blink frogs
  2 dream sheep (Shoals:4)
  A stone giant simulacrum (Coc:7)
  31 flying skulls
  15 hippogriffs
  2 dream sheep (shapeshifter)
  2 ettin zombies
  An alligator skeleton (Coc:6)
  A spriggan (shapeshifter) (Vaults:1)
  15 shadows
  7 redbacks
  5 small abominations
  51 yaks
  A vampire (Depths:4)
  2 spriggans
  2 ice dragon skeletons
  2 air elementals (Elf:1)
  5 fire dragon skeletons
  A hog (shapeshifter) (D:14)
  25 water elementals
  9 wraiths
  3 wyverns
  A wyvern (shapeshifter) (Depths:2)
  A ynoxinul (Abyss:2)
  A tarantella (Vaults:4)
  7 basilisks
  A chaos spawn (Abyss:2)
  A human (shapeshifter) (Vaults:3)
  6 hungry ghosts
  7 fire elementals (Hell)
  2 golden eyes (Slime:4)
  A human (Depths:4)
  A neqoxec (Abyss:2)
  9 vampire mosquitoes
  5 wargs
  A warg (shapeshifter) (D:15)
  3 acid dragons
  64 nagas
  10 hell hounds
  A soldier ant (D:12)
  A floating eye (Depths:2)
  5 porcupines
  10 water moccasins
  A spectral troll (Depths:2)
  A spectral spriggan (Depths:2)
  A floating eye (shapeshifter) (Vaults:2)
  2 spiny frog zombies
  8 ice beasts
  A black bear (D:12)
  27 orc warriors
  3 sky beasts
  A black bear (shapeshifter) (D:14)
  2 snapping turtle zombies (Depths:2)
  2 spiny frog skeletons
  5 eyes of draining
  2 manticore zombies (Tar:7)
  41 ogres
  10 centaurs
  8 necrophages
  A phantom (Tar:4)
  3 boggarts (Depths:4)
  A wolf (shapeshifter) (Depths:5)
  15 wolves
  2 manticore skeletons
  11 crocodiles
  6 big kobolds
  19 bullfrogs
  A spiny frog simulacrum (Coc:7)
  2 earth elementals
  3 scorpions
  3 spectral ogres (Depths:2)
  22 wights
  2 spectral nagas (Depths:2)
  A snapping turtle simulacrum (Coc:7)
  9 killer bees
  2 spectral wolves (Depths:4)
  A spectral centaur (Depths:2)
  5 electric eels
  2 howler monkeys
  11 crimson imps
  2 quasits (Abyss:2)
  2 bullfrog skeletons
  5 centaur zombies
  10 hounds
  9 orc priests
  A centaur skeleton (D:12)
  6 jellies
  31 orc wizards
  A bullfrog zombie (D:9)
  A human skeleton (Hell)
  2 troll simulacra (Depths:2)
  6 worker ants
  2 iguanas
  A hell rat (Hell)
  3 hound skeletons
  A mummy (Coc:7)
  A worker ant zombie (D:6)
  10 adders
  8 shadow imps
  3 white imps
  An ooze (Lair:5)
  An adder skeleton (D:9)
  An adder zombie (D:9)
  6 worms
  6 dart slugs
  9 leopard geckos
  85 orcs
  A giant cockroach (shapeshifter) (Vaults:5)
  7 giant cockroaches
  13 goblins
  12 hobgoblins
  18 jackals
  23 kobolds
  4 quokkas
  2 ball pythons
  6 bats
  6 frilled lizards
  A quokka skeleton (D:4)
  A quokka zombie (D:9)
  6 rats
  A butterfly (Lair:5)
  2 plants
  8 tentacles
2347 creatures vanquished.

Vanquished Creatures (collateral kills)
  Dissolution (Slime:4)
  Vashnia (Snake:3)
  2 golden dragons
  A bone dragon (Tar:1)
  A Tzitzimitl (Tar:7)
  3 Ice Fiends (Coc:7)
  A tentacled monstrosity (Depths:5)
  4 acid blobs
  A shadow dragon (Tar:1)
  A fire giant (Vaults:4)
  2 vault wardens (Vaults:5)
  An emperor scorpion (shapeshifter) (Vaults:5)
  2 frost giants
  A deep elf sorcerer (Elf:3)
  4 reapers
  A deep elf elementalist (Elf:3)
  An entropy weaver (Vaults:3)
  A deep elf demonologist (Elf:3)
  2 stone giants
  A black draconian (Depths:5)
  5 very ugly things
  A large abomination (Elf:3)
  A vampire knight (Tar:7)
  A yellow draconian (Depths:5)
  2 deep elf death magi (Elf:3)
  A death ooze (Slime:5)
  3 fire dragons
  4 ettins
  A blizzard demon (Hell)
  A jiangshi (Depths:1)
  3 great orbs of eyes
  3 yaktaur captains
  A vault guard (Vaults:5)
  2 ice dragons
  A rakshasa (Vaults:2)
  A catoblepas (D:14)
  2 centaur warriors
  A deep troll earth mage (Depths:3)
  2 two-headed ogres (Depths:4)
  A hell hog (Hell)
  2 vampire magi
  An orc high priest (Depths:4)
  2 deep troll shamans
  3 naga sharpshooters (Snake:3)
  A deep elf knight (Elf:3)
  A titan skeleton (Hell)
  A shadow wraith (Depths:2)
  7 skeletal warriors
  A small abomination (Elf:3)
  2 iron trolls (Depths:4)
  4 deep trolls
  A hell knight (Depths:3)
  2 shadow demons
  A flayed ghost (D:15)
  4 wizards
  2 phantasmal warriors
  A necromancer (Hell)
  An orc sorcerer (Depths:4)
  2 wolf spiders
  An ironbrand convoker (Vaults:5)
  4 shining eyes
  A frost giant zombie (Tar:2)
  A cyclops (D:15)
  A deep elf mage (Elf:3)
  3 ugly things (Depths:3)
  An iron dragon skeleton (Tar:4)
  A manticore (shapeshifter) (Vaults:5)
  A fire giant skeleton (Coc:7)
  2 vault sentinels
  2 gargoyles (Depths:4)
  An eye of devastation (Slime:4)
  A spectral merfolk (Depths:2)
  12 yaktaurs
  An elf (Depths:4)
  5 ice devils
  2 red devils
  16 slime creatures
  A raiju (Depths:2)
  2 alligator zombies
  A stone giant simulacrum (Tar:4)
  A redback (Vaults:3)
  4 flying skulls (Tar:7)
  8 shadows
  3 vampires
  An alligator skeleton (Hell)
  A tarantella (shapeshifter) (D:14)
  A yak (Lair:6)
  An ice dragon skeleton (D:15)
  A wraith (D:15)
  4 golden eyes (Slime:4)
  A yak (shapeshifter) (Depths:1)
  2 hungry ghosts
  A hog (shapeshifter) (Depths:2)
  4 wargs
  2 spectral spriggans (Depths:2)
  6 hell hounds
  4 spiny frog zombies
  2 orc warriors
  4 ogres
  A snapping turtle zombie (Tar:7)
  An eye of draining (D:14)
  A necrophage (Tar:7)
  A centaur (Depths:4)
  5 wolves (Depths:4)
  A snapping turtle skeleton (Tar:7)
  A spectral naga (Depths:2)
  A spectral centaur (Depths:2)
  A crimson imp (Tar:3)
  2 orc priests
  4 hell rats (Hell)
  6 orcs
  6 kobolds (Depths:4)
  2 plants
252 creatures vanquished.

Vanquished Creatures (others)
  A deep elf master archer (Elf:3)
  13 eldritch tentacles
  A fire giant (Vaults:5)
  A vault warden (Vaults:1)
  An elemental wellspring (Coc:7)
  A yaktaur captain (Vaults:4)
  A centaur warrior (Vaults:1)
  A merfolk avatar (Shoals:4)
  A hell hog (Hell)
  An ogre mage (Depths:4)
  A deep elf knight (Vaults:4)
  An unseen horror (D:15)
  A deep elf archer (Vaults:2)
  An orc knight (Vaults:4)
  A deep elf mage (Elf:3)
  A cyclops (Shoals:4)
  A shock serpent zombie (Tar:4)
  A vault sentinel (Vaults:5)
  A dire elephant zombie (Tar:7)
  7 yaktaurs
  A polar bear (Lair:5)
  2 water elementals
  A naga (Snake:4)
  4 centaurs
  A crimson imp (D:13)
  A kobold (D:13)
  17 fungi
  20 plants
  5 snaplasher vines
  68 tentacles
  24 withered plants
182 creatures vanquished.

Grand Total: 2781 creatures vanquished

Notes
Turn   | Place    | Note
-------+----------+-------------------------------------------
     0 | D:1      | MordorOrchid the Gargoyle Fighter began the quest for the
                  | Orb.
     0 | D:1      | Reached XP level 1. HP: 14/14 MP: 1/1
   137 | D:1      | Reached XP level 2. HP: 11/19 MP: 2/2
   382 | D:1      | Found a hide-covered altar of Uskayaw.
   583 | D:1      | Reached XP level 3. HP: 22/23 MP: 3/3
   932 | D:2      | Reached skill level 3 in Maces & Flails
  1453 | D:2      | Reached XP level 4. HP: 28/28 MP: 4/4
  1758 | D:3      | Reached skill level 4 in Maces & Flails
  1759 | D:3      | Reached XP level 5. HP: 32/32 MP: 5/5
  1912 | D:3      | Found an ancient bone altar of Kikubaaqudgha.
  2146 | D:4      | Found a sparkling altar of Nemelex Xobeh.
  2266 | D:4      | Noticed an ogre
  2271 | D:4      | Killed an ogre
  2271 | D:4      | Reached skill level 5 in Maces & Flails
  2271 | D:4      | Reached XP level 6. HP: 13/37 MP: 6/6
  2673 | D:4      | Found a shattered altar of Ashenzari.
  2945 | D:5      | Entered Level 5 of the Dungeon
  2945 | D:5      | Found a bloodstained altar of Trog.
  3017 | D:5      | Reached skill level 5 in Armour
  3017 | D:5      | Reached XP level 7. HP: 39/41 MP: 7/7
  3056 | D:5      | Found a staircase to the Ecumenical Temple.
  3081 | Temple   | Entered the Ecumenical Temple
  3089 | Temple   | Became a worshipper of Cheibriados the Contemplative
  3342 | D:5      | Found Xaguchucu's General Store.
  3345 | D:5      | Bought a scroll of fog for 28 gold pieces
  3345 | D:5      | Bought a scroll of identify for 28 gold pieces
  3377 | D:5      | Reached skill level 6 in Maces & Flails
  3377 | D:5      | Reached skill level 5 in Shields
  3377 | D:5      | Reached skill level 1 in Invocations
  3657 | D:6      | Found Joffubb's Armour Shop.
  3733 | D:6      | Found Jih Raum's Jewellery Boutique.
  3738 | D:6      | Bought a cursed amulet of inaccuracy for 22 gold pieces
  3841 | D:6      | Found a shadowy altar of Dithmenos.
  3909 | D:6      | Found a bloodstained altar of Trog.
  3955 | D:6      | Noticed Blork the orc
  3978 | D:6      | Found Goocvuh's Antique Weapon Boutique.
  4072 | D:6      | Found a white marble altar of Elyvilon.
  4118 | D:6      | Found an ornate altar of the Wu Jian Council.
  4210 | D:6      | Reached XP level 8. HP: 46/46 MP: 6/9
  4231 | D:6      | Reached * piety under Cheibriados
  4317 | D:7      | Noticed Joseph
  4333 | D:7      | Killed Joseph
  4333 | D:7      | Reached skill level 7 in Maces & Flails
  4333 | D:7      | Reached skill level 1 in Throwing
  4440 | D:7      | Noticed a yak
  4440 | D:7      | Noticed a yak
  4440 | D:7      | Noticed a yak
  4440 | D:7      | Noticed a yak
  4440 | D:7      | Noticed a yak
  4452 | D:7      | Killed a yak
  4472 | D:7      | Killed a yak
  4479 | D:7      | Killed a yak
  4479 | D:7      | Reached XP level 9. HP: 42/51 MP: 11/11
  4487 | D:7      | Reached skill level 8 in Maces & Flails
  4878 | D:7      | Found Qys Japp's General Store.
  4993 | D:8      | Noticed Erica
  5014 | D:8      | Killed Erica
  5118 | D:8      | Reached ** piety under Cheibriados
  5118 | D:8      | Reached XP level 10. HP: 56/56 MP: 13/13
  5407 | D:8      | Reached skill level 9 in Maces & Flails
  5409 | D:8      | Reached skill level 1 in Evocations
  5496 | D:8      | Found an opulent altar of Gozag.
  5749 | D:9      | Learned a level 2 spell: Passwall
  5759 | D:9      | Reached skill level 5 in Invocations
  5901 | D:9      | Reached *** piety under Cheibriados
  5938 | D:9      | Found Gageum's Weapon Shop.
  5951 | D:9      | Found Motta's Gadget Boutique.
  5972 | D:9      | Reached skill level 1 in Earth Magic
  6165 | D:9      | Noticed a two-headed ogre
  6177 | D:9      | Killed a two-headed ogre
  6177 | D:9      | Reached skill level 1 in Spellcasting
  6177 | D:9      | Reached skill level 1 in Transmutations
  6406 | D:10     | Entered Level 10 of the Dungeon
  6434 | D:10     | Noticed Fannar
  6457 | D:10     | Killed Fannar
  6606 | D:10     | Reached skill level 5 in Fighting
  6606 | D:10     | Reached XP level 11. HP: 46/63 MP: 8/14
  6629 | D:10     | Reached **** piety under Cheibriados
  6715 | D:10     | Killed an unseen horror
  6889 | D:10     | Found a staircase to the Lair.
  6892 | D:10     | Reached skill level 10 in Maces & Flails
  7129 | Lair:1   | Entered Level 1 of the Lair of Beasts
  7367 | D:6      | Bought an encrusted eveningstar for 420 gold pieces
  7367 | D:6      | Identified the +6 eveningstar of Qazlal's Envy {crush,
                  | Stlth+} (You bought it in a shop on level 6 of the Dungeon)
  7502 | D:11     | Noticed a seven-headed hydra
  7502 | D:11     | Noticed a cyclops
  7603 | D:11     | Killed a cyclops
  7628 | D:11     | Noticed a two-headed ogre
  7640 | D:11     | Killed a two-headed ogre
  7716 | D:11     | Noticed a two-headed ogre
  7723 | D:11     | Killed a two-headed ogre
  7739 | D:11     | Noticed a green ugly thing
  7744 | D:11     | Killed a green ugly thing
  7806 | D:11     | Noticed a seven-headed hydra
  7810 | D:11     | Noticed a catoblepas
  7810 | D:11     | a seven-headed hydra changed into a catoblepas
  7819 | D:11     | Killed a catoblepas
  7883 | D:11     | Noticed a two-headed ogre
  7887 | D:11     | Killed a two-headed ogre
  7998 | D:11     | Reached ***** piety under Cheibriados
  8233 | D:11     | Noticed a minotaur
  8233 | D:11     | a seven-headed hydra changed into a minotaur
  8239 | D:11     | Killed a minotaur
  8239 | D:11     | Reached skill level 10 in Armour
  8239 | D:11     | Reached XP level 12. HP: 65/68 MP: 17/17
  8331 | D:12     | Reached skill level 5 in Earth Magic
  8407 | D:12     | Found a staircase to the Orcish Mines.
  8429 | D:12     | Noticed Nergalle
  8441 | D:12     | Killed Nergalle
  8441 | D:12     | Reached skill level 11 in Maces & Flails
  8682 | D:12     | Noticed a two-headed ogre
  8704 | D:12     | Identified Ts'ui Pên's Volume of Forking Paths
  8711 | D:12     | Identified the Incunabulum of Axaxaxas mlö
  8811 | D:12     | Cast into level 2 of the Abyss (a wizard)
  8866 | Abyss:2  | Learned a level 2 spell: Blink
  8886 | Abyss:2  | Reached ****** piety under Cheibriados
  8946 | Abyss:2  | Reached skill level 1 in Stealth
  9047 | Abyss:2  | Reached skill level 1 in Translocations
  9051 | Abyss:2  | Noticed a bone dragon
  9088 | Abyss:2  | Killed a bone dragon
  9088 | Abyss:2  | Reached skill level 5 in Evocations
  9088 | Abyss:2  | Reached XP level 13. HP: 11/74 MP: 12/20
  9132 | Abyss:2  | Upgraded the game from 0.25-a0-263-g9d16a9d099 to
                  | 0.25-a0-265-g7af84ae0ac
  9176 | Abyss:2  | Noticed an eidolon
  9184 | Abyss:2  | Killed an eidolon
  9186 | D:12     | Escaped the Abyss
  9202 | D:12     | Identified the Handbook of Dhcmrlchtdj
  9215 | D:12     | Noticed a vampire knight
  9221 | D:12     | Paralysed by something for 5 turns
  9531 | Lair:1   | Paralysed by a floating eye for 2 turns
  9852 | Lair:1   | Identified a scroll of acquirement
  9940 | Lair:2   | Reached skill level 10 in Shields
 10066 | Lair:2   | You fall into a shaft and drop 2 floors!
 10072 | Lair:4   | Reached skill level 5 in Spellcasting
 10462 | Lair:4   | Reached skill level 12 in Maces & Flails
 10512 | Lair:4   | Found a runed translucent gate.
 10588 | Lair:4   | Found a runed translucent gate.
 10589 | Lair:4   | Found a runed translucent gate.
 10590 | Lair:4   | Noticed a death ooze
 10592 | Lair:4   | Noticed Noxiv's ghost (journeyman FoFi)
 10594 | Lair:4   | Found a viscous altar of Jiyva.
 10909 | Lair:5   | Found a staircase to the Slime Pits.
 11037 | Lair:6   | Entered Level 6 of the Lair of Beasts
 11094 | Lair:6   | Noticed a great orb of eyes
 11094 | Lair:6   | a five-headed hydra changed into a great orb of eyes
 11102 | Lair:6   | Killed a great orb of eyes
 11102 | Lair:6   | Gained mutation: Your large and strong wings let you fly
                  | indefinitely. [Gargoyle growth]
 11102 | Lair:6   | Reached XP level 14. HP: 45/82 MP: 17/21
 11440 | Lair:6   | Reached skill level 5 in Stealth
 12090 | Lair:3   | Found a staircase to the Snake Pit.
 12175 | Lair:3   | Noticed an emperor scorpion
 12175 | Lair:3   | a six-headed hydra changed into an emperor scorpion
 12187 | Lair:3   | Killed an emperor scorpion
 12187 | Lair:3   | Reached skill level 13 in Maces & Flails
 12580 | Snake:1  | Entered Level 1 of the Snake Pit
 12751 | Snake:1  | Reached XP level 15. HP: 81/89 MP: 22/22
 13425 | Snake:2  | Noticed Aizul
 13444 | Snake:2  | Killed Aizul
 13738 | Snake:2  | Found a transporter.
 13738 | Snake:2  | Found a transporter.
 14283 | Snake:2  | Reached XP level 16. HP: 71/97 MP: 23/23
 14315 | Snake:2  | Got a sparkling ruby amulet
 14326 | Snake:2  | Reached skill level 10 in Fighting
 14338 | Snake:2  | Got a fine glass ring
 14348 | Snake:2  | Identified the amulet of the Hidden Runes {RegenMP rElec
                  | rN+ Str+4 Stlth-} (You found it on level 2 of the Snake
                  | Pit)
 14443 | Snake:3  | Reached skill level 1 in Dodging
 14443 | Snake:3  | Reached skill level 14 in Maces & Flails
 14478 | Snake:3  | Identified the ring of Dituklah {Int+3 Dex+3} (You found it
                  | on level 2 of the Snake Pit)
 14676 | Snake:3  | Found the +1 cloak of Starlight {rElec rC+ EV+4 Stlth--}
 14737 | Snake:3  | Noticed Asterion
 14739 | Snake:3  | Noticed an Executioner
 14821 | Snake:3  | Noticed Vashnia
 14835 | Snake:3  | Killed Vashnia
 14835 | Snake:3  | Reached skill level 5 in Throwing
 14989 | Snake:3  | Killed Asterion
 15136 | Snake:4  | Entered Level 4 of the Snake Pit
 15146 | Snake:4  | Found a hide-covered altar of Uskayaw.
 15146 | Snake:4  | Noticed a nagaraja
 15167 | Snake:4  | Killed a nagaraja
 15297 | Snake:4  | Found Mida Ote's Armour Shoppe.
 15344 | Snake:4  | Reached skill level 10 in Invocations
 15918 | Snake:4  | Reached XP level 17. HP: 102/102 MP: 26/26
 16520 | Snake:4  | Reached skill level 15 in Maces & Flails
 16672 | Snake:4  | Got a serpentine rune of Zot
 16940 | Lair:2   | Found a staircase to the Shoals.
 16963 | Lair:2   | Learned a level 1 spell: Apportation
 16967 | Lair:2   | Learned a level 3 spell: Lesser Beckoning
 16983 | Shoals:1 | Entered Level 1 of the Shoals
 17228 | Shoals:1 | Reached skill level 15 in Shields
 17253 | Shoals:1 | Noticed a kraken
 17322 | Shoals:1 | Killed a kraken
 17433 | Shoals:1 | Reached XP level 18. HP: 107/107 MP: 28/28
 17682 | Shoals:1 | Learned a level 5 spell: Borgnjor's Vile Clutch
 17698 | Shoals:2 | Noticed Ilsuiw
 17715 | Shoals:2 | Killed Ilsuiw
 17859 | Shoals:2 | Noticed Polyphemus
 17876 | Shoals:2 | Killed Polyphemus
 17876 | Shoals:2 | Reached skill level 1 in Necromancy
 18258 | Shoals:2 | Learned a level 4 spell: Summon Lightning Spire
 18408 | Shoals:3 | Reached skill level 5 in Translocations
 18743 | Shoals:4 | Entered Level 4 of the Shoals
 18765 | Shoals:4 | Reached skill level 5 in Dodging
 18765 | Shoals:4 | Reached skill level 1 in Summonings
 18774 | Shoals:4 | Reached skill level 1 in Air Magic
 18830 | Shoals:4 | Reached skill level 16 in Maces & Flails
 19208 | Shoals:4 | Learned a level 4 spell: Animate Dead
 19533 | Shoals:4 | Reached XP level 19. HP: 107/112 MP: 27/31
 19634 | Shoals:4 | Got a barnacled rune of Zot
 20683 | D:13     | Found a gate leading to a gauntlet.
 20712 | Gauntlet | Entered a Gauntlet
 20712 | Gauntlet | Found a transporter.
 20712 | Gauntlet | Found a transporter.
 20721 | Gauntlet | Found a transporter.
 20723 | Gauntlet | Found a large runed translucent door.
 20724 | Gauntlet | Found a large runed translucent door.
 20725 | Gauntlet | Found a large runed translucent door.
 20725 | Gauntlet | Found a large runed translucent door.
 20725 | Gauntlet | Found a runed translucent door.
 20725 | Gauntlet | Found a runed translucent door.
 20726 | Gauntlet | Found a large runed translucent door.
 20726 | Gauntlet | Found a large runed translucent door.
 20726 | Gauntlet | Found a large runed translucent door.
 20726 | Gauntlet | Found a large runed translucent door.
 20727 | Gauntlet | Found a large runed translucent door.
 20728 | Gauntlet | Found a large runed translucent door.
 20728 | Gauntlet | Found a large runed translucent door.
 20728 | Gauntlet | Found a large runed translucent door.
 20729 | Gauntlet | Found a large runed translucent door.
 20729 | Gauntlet | Found a large runed translucent door.
 20729 | Gauntlet | Found a large runed translucent door.
 20729 | Gauntlet | Found a large runed translucent door.
 20733 | Gauntlet | Found a runed translucent gate.
 20733 | Gauntlet | Found a runed translucent gate.
 20733 | Gauntlet | Found a runed translucent gate.
 20735 | Gauntlet | Found a transporter.
 20753 | Gauntlet | Found a transporter.
 20767 | Gauntlet | Found a transporter.
 20780 | Gauntlet | Found a transporter.
 20787 | Gauntlet | Found a transporter.
 20809 | Gauntlet | Found a transporter.
 20830 | Gauntlet | Found a transporter.
 20830 | Gauntlet | Found a transporter.
 20842 | Gauntlet | Found a transporter.
 21025 | Gauntlet | Got a brightly glowing helmet
 21025 | Gauntlet | Got a smoking tin amulet
 21035 | Gauntlet | Identified the cursed -5 helmet of a Thousand Lies {*Slow
                  | Int+5 Dex+5} (You found it in a Gauntlet)
 21278 | D:13     | Learned a level 5 spell: Irradiate
 21665 | D:14     | Reached skill level 1 in Conjurations
 21746 | D:14     | Found a runed translucent door.
 21770 | D:14     | Noticed Volibb's ghost (journeyman HONe)
 21788 | D:14     | Killed Volibb's ghost
 21843 | D:14     | Found a gate to the Vaults.
 22110 | Orc:1    | Entered Level 1 of the Orcish Mines
 22292 | Orc:2    | Entered Level 2 of the Orcish Mines
 22331 | Orc:2    | Found a staircase to the Elven Halls.
 22515 | Orc:2    | Found Zigh's Magic Scroll Emporium.
 22515 | Orc:2    | Found Niwuis's Distillery.
 22516 | Orc:2    | Found Xeofaekud's Weapon Boutique.
 22516 | Orc:2    | Found Juweadune's Magic Scroll Shoppe.
 22526 | Orc:2    | Paralysed by an ogre mage for 3 turns
 22554 | Orc:2    | Bought a scroll of teleportation for 39 gold pieces
 22554 | Orc:2    | Bought a scroll of fog for 26 gold pieces
 22556 | Orc:2    | Bought a scroll of immolation for 52 gold pieces
 22556 | Orc:2    | Bought a scroll of immolation for 52 gold pieces
 22556 | Orc:2    | Bought a scroll of enchant armour for 112 gold pieces
 22575 | Orc:2    | Found Yzax's Gadget Shoppe.
 22956 | Orc:2    | Bought 2 potions of heal wounds for 130 gold pieces
 22956 | Orc:2    | Bought a potion of heal wounds for 65 gold pieces
 22956 | Orc:2    | Bought a potion of heal wounds for 65 gold pieces
 22957 | Orc:2    | Bought a scroll of identify for 26 gold pieces
 22957 | Orc:2    | Bought a scroll of magic mapping for 45 gold pieces
 22957 | Orc:2    | Bought a scroll of enchant armour for 97 gold pieces
 22957 | Orc:2    | Bought a scroll of identify for 26 gold pieces
 22957 | Orc:2    | Identified the amulet of Elow {Regen+ Int+5} (You found it
                  | in a Gauntlet)
 22963 | Orc:2    | Bought a scroll of identify for 30 gold pieces
 22963 | Orc:2    | Bought a scroll of identify for 30 gold pieces
 22963 | Orc:2    | Bought a scroll of enchant weapon for 112 gold pieces
 22963 | Orc:2    | Bought a scroll of magic mapping for 52 gold pieces
 22963 | Orc:2    | Bought a scroll of identify for 30 gold pieces
 22982 | Orc:2    | Bought a wand of paralysis (8) for 130 gold pieces
 22982 | Orc:2    | Bought a wand of enslavement (12) for 182 gold pieces
 22982 | Orc:2    | Bought a box of beasts for 260 gold pieces
 22982 | Orc:2    | Bought a wand of digging (5) for 234 gold pieces
 23190 | Vaults:1 | Entered Level 1 of the Vaults
 23193 | Vaults:1 | Learned a level 1 spell: Summon Butterflies
 23250 | Vaults:1 | Reached skill level 10 in Earth Magic
 23261 | Vaults:1 | Reached XP level 20. HP: 104/117 MP: 32/32
 23342 | Vaults:1 | Reached skill level 5 in Transmutations
 24071 | Vaults:1 | Reached skill level 17 in Maces & Flails
 24121 | Vaults:1 | Reached skill level 5 in Summonings
 24149 | Vaults:1 | Reached skill level 5 in Necromancy
 24583 | Vaults:2 | Paralysed by a great orb of eyes for 5 turns
 24659 | Vaults:2 | Reached skill level 5 in Conjurations
 24680 | Vaults:2 | Reached skill level 18 in Maces & Flails
 24775 | Vaults:2 | HP: 3/117 [stone giant/large rock (32)]
 25221 | Vaults:3 | Reached skill level 19 in Maces & Flails
 25224 | Vaults:3 | Reached XP level 21. HP: 69/122 MP: 33/33
 25360 | Vaults:3 | Found a staircase to the Crypt.
 25360 | Vaults:3 | Found a basalt altar of Yredelemnul.
 25361 | Vaults:3 | Found an ancient bone altar of Kikubaaqudgha.
 25613 | Vaults:3 | Identified the +9 crystal plate armour of Context {Regen+}
                  | (You found it on level 3 of the Vaults)
 26432 | Vaults:4 | Reached skill level 20 in Maces & Flails
 27617 | Vaults:5 | Entered Level 5 of the Vaults
 27699 | Vaults:5 | Reached XP level 22. HP: 58/127 MP: 34/34
 27753 | Vaults:5 | HP: 6/128 [titan (36)]
 28056 | Vaults:5 | Got a silver rune of Zot
 28156 | Vaults:5 | Identified the ring "Xuuklorgh" {MR++ rCorr MP+9}
 28275 | Vaults:5 | Found Vyimite's Antique Weapon Shop.
 28473 | Vaults:5 | Identified the cursed -4 pair of boots of True Grit {rElec
                  | rC+ MR+} (You found it on level 5 of the Vaults)
 28491 | Vaults:5 | Noticed a golden dragon
 28522 | Vaults:5 | Identified the +2 chain mail of the Sun {rC++ rCorr Int+4
                  | Slay+5}
 28522 | Vaults:5 | Identified the ring "Sic Mont" {Dex+3 Slay+1}
 28531 | Vaults:5 | Killed a golden dragon
 28839 | Vaults:5 | Noticed an ancient lich
 28848 | Vaults:5 | Killed an ancient lich
 28926 | Vaults:5 | Learned a level 3 spell: Regeneration
 28973 | Vaults:5 | Identified the +2 morningstar of Truncation {flame, *Slow
                  | rElec rPois SInv} (You found it on level 5 of the Vaults)
 29028 | Vaults:5 | Bought a crystal whip for 225 gold pieces
 29028 | Vaults:5 | Bought a crude whip for 225 gold pieces
 29029 | Vaults:5 | Identified the +5 whip "Acakebyb" {drain, rPois rN+ Str+2}
                  | (You bought it in a shop on level 5 of the Vaults)
 29030 | Vaults:5 | Identified the +7 whip "Barep" {flame, *Rage +Inv rN++}
                  | (You bought it in a shop on level 5 of the Vaults)
 29233 | D:15     | Entered Level 15 of the Dungeon
 29255 | D:15     | Reached XP level 23. HP: 136/136 MP: 36/36
 29351 | D:15     | Found a staircase to the Depths.
 29602 | D:15     | Reached skill level 1 in Charms
 29630 | D:15     | Found a glowing silver altar of Zin.
 29630 | D:15     | Found a runed translucent door.
 29667 | D:15     | Found a portal to a secret trove of treasure.
 29718 | D:15     | Reached skill level 10 in Spellcasting
 30077 | Elf:1    | Entered Level 1 of the Elven Halls
 30228 | Elf:2    | Learned a level 4 spell: Passage of Golubria
 30234 | Elf:2    | Learned a level 5 spell: Summon Forest
 30284 | Elf:3    | Entered Level 3 of the Elven Halls
 30300 | Elf:3    | Found Mamm's Book Boutique.
 30372 | Elf:3    | Found Ahus Cea's Assorted Antiques.
 30393 | Elf:3    | Found Wiclapeck's Food Shoppe.
 30834 | Elf:3    | Reached skill level 10 in Dodging
 30867 | Elf:3    | Reached skill level 21 in Maces & Flails
 30884 | Elf:3    | Reached skill level 10 in Throwing
 30917 | Elf:3    | Identified the +1 robe of Benevolence {Str+4 Int+4 SInv}
 31051 | Elf:3    | Identified the Volume of Dramatic Exits
 31074 | Elf:3    | Found the +2 shield of Resistance {rF+ rC+ MR+}
 31250 | Elf:3    | Bought a book of the Earth for 1300 gold pieces
 31557 | Slime:1  | Entered Level 1 of the Pits of Slime
 32021 | Slime:3  | Reached XP level 24. HP: 133/142 MP: 39/39
 32029 | Slime:3  | Learned a level 6 spell: Death Channel
 32221 | Slime:4  | Noticed Dissolution
 32248 | Slime:4  | Killed Dissolution
 32438 | Slime:5  | Entered Level 5 of the Pits of Slime
 32453 | Slime:5  | Gained mutation: You are clumsy. (Dex -2) [a shining eye]
 32457 | Slime:5  | Gained mutation: Scrolls take you a little longer to read.
                  | [a shining eye]
 32784 | Slime:5  | Noticed the Royal Jelly
 32827 | Slime:5  | Killed the Royal Jelly
 32827 | Slime:5  | Reached skill level 15 in Spellcasting
 32885 | Slime:5  | Identified the cursed -2 helmet of Vaodol {-Cast rCorr
                  | Str+3 Dex+2} (You found it on level 5 of the Pits of Slime)
 32887 | Slime:5  | Identified the +0 scale mail of Pumopoh {rPois Int-3 Dex+6}
                  | (You found it on level 5 of the Pits of Slime)
 32889 | Slime:5  | Identified the ring "Wesubef" {-Tele *Slow rN+ Str+3 Dex+7}
                  | (You found it on level 5 of the Pits of Slime)
 32889 | Slime:5  | Got a slimy rune of Zot
 32898 | Slime:5  | Found the +10 Black Knight's horse barding {ponderous,
                  | rPois rN+}
 32922 | Slime:5  | Identified the +2 cloak "Uxeirun" {Dex+2} (You found it on
                  | level 5 of the Pits of Slime)
 32924 | Slime:5  | Identified the ring "Lipubo" {Wiz rC+ Str+6 Dex+2} (You
                  | found it on level 5 of the Pits of Slime)
 32928 | Slime:5  | Lost mutation: Scrolls take you a little longer to read.
                  | [potion of mutation]
 32928 | Slime:5  | Lost mutation: You are clumsy. (Dex -2) [potion of
                  | mutation]
 32928 | Slime:5  | Gained mutation: You evolve. [potion of mutation]
 32928 | Slime:5  | Gained mutation: You are partially covered in large bone
                  | plates. (SH +4) [potion of mutation]
 32928 | Slime:5  | Gained mutation: You expend magic power (3 MP) to
                  | strengthen your wands. [potion of mutation]
 32928 | Slime:5  | Gained mutation: You have sharp toenails. [potion of
                  | mutation]
 32948 | Slime:5  | Identified the +12 mace "Veqeofu" {crush, rElec rC+ Str+3
                  | Int+3} (You found it on level 5 of the Pits of Slime)
 33103 | Lair:5   | Gained mutation: Your mind is acute. (Int +2) [evolution]
 33200 | Lair:1   | Identified the +2 pair of boots of the Blue Skies {+Inv
                  | rPois rF- rCorr} (You acquired it on level 1 of the Lair of
                  | Beasts)
 33370 | Depths:1 | Entered Level 1 of the Depths
 33542 | Depths:1 | Found a gateway to Hell.
 33633 | Depths:1 | Found Bomegguo's Assorted Antiques.
 33640 | Depths:1 | Found Goownop's Jewellery Emporium.
 33640 | Depths:1 | Found Ziphih's Gadget Boutique.
 33641 | Depths:1 | Found Piyhips's Gadget Boutique.
 33667 | Depths:1 | Bought a metal-bound book for 465 gold pieces
 34133 | Depths:2 | Found a gateway to a ziggurat.
 34231 | Depths:2 | Reached XP level 25. HP: 147/147 MP: 43/43
 34271 | Depths:2 | Reached skill level 5 in Air Magic
 34271 | Depths:2 | Reached XP level 26. HP: 152/152 MP: 43/43
 34710 | Depths:3 | Found a runed translucent gate.
 34710 | Depths:3 | Found a runed translucent gate.
 34716 | Depths:3 | Found a runed translucent gate.
 34718 | Depths:3 | Noticed Jipp's ghost (legendary TrMo)
 34718 | Depths:3 | Noticed Wauceedgh's ghost (veteran KoWz)
 34721 | Depths:3 | Found the +8 longbow "Zephyr" {speed, Dex+3 SInv}
 34770 | Depths:3 | Found a flickering gateway to a bazaar.
 34808 | Bazaar   | Entered a bazaar
 34808 | Bazaar   | Found Veheufyoxt's Weapon Shoppe.
 34808 | Bazaar   | Found Luiramm's Antique Weapon Shoppe.
 34808 | Bazaar   | Found Miuhovuqi's Weapon Emporium.
 35231 | Depths:3 | Noticed Margery
 35251 | Depths:3 | Killed Margery
 35310 | Depths:3 | Found a one-way gate leading to the halls of Pandemonium.
 35481 | Depths:3 | Found a runed translucent door.
 35481 | Depths:3 | Found a runed translucent door.
 35639 | Depths:3 | Noticed a juggernaut
 35640 | Depths:3 | Identified the ring "Cuasiytu" {+Blink MR+}
 35657 | Depths:3 | Identified the ring "Weefrej" {Ice Dex+4}
 35662 | Depths:3 | Killed a juggernaut
 35686 | Depths:3 | Got a faintly glowing golden amulet
 35687 | Depths:3 | Identified the amulet "Hoosagin" {Faith *Contam Str+7
                  | Stlth+} (You found it on level 3 of the Depths)
 35692 | Depths:3 | Got a heavily runed brass ring
 35693 | Depths:3 | Identified the ring "Ugetz" {AC+3 Str+4 Int+4} (You found
                  | it on level 3 of the Depths)
 35859 | Depths:4 | Identified the ring of Rewyaqu {Wiz +Blink Str-4 Slay+2}
                  | (You found it on level 4 of the Depths)
 36238 | Depths:4 | Found a one-way gate to the infinite horrors of the Abyss.
 36258 | Depths:4 | Reached skill level 15 in Armour
 36267 | Depths:4 | Noticed Saint Roka
 36284 | Depths:4 | Killed Saint Roka
 36335 | Depths:4 | Reached XP level 27. HP: 163/163 MP: 44/44
 36607 | Depths:4 | Found Egepp's Slaves and Accessories.
 36662 | Depths:4 | Found Jack's Jerk-a-riffic Jerky.
 36698 | Depths:4 | Found Jingu's Miraculous Elixirs.
 36754 | Depths:4 | Found The Legendary Ysiperche's Legendary Smithy.
 36758 | Depths:4 | Gained mutation: Your mind is very acute. (Int +4)
                  | [evolution]
 36794 | Depths:4 | Found a roughly hewn altar of Beogh.
 37004 | Depths:4 | Found an ancient bone altar of Kikubaaqudgha.
 37015 | Depths:4 | Found an ancient bone altar of Kikubaaqudgha.
 37090 | Depths:4 | Reached skill level 15 in Fighting
 37156 | Depths:5 | Entered Level 5 of the Depths
 37970 | Depths:5 | Found a gate to the Realm of Zot.
 38122 | Hell     | Entered the Vestibule of Hell
 38122 | Hell     | Noticed Geryon
 38134 | Hell     | Killed Geryon
 38348 | Hell     | Found a gateway to the freezing wastes of Cocytus.
 38396 | Hell     | Found a gateway to the decaying netherworld of Tartarus.
 38459 | Hell     | Found a gateway to the ashen valley of Gehenna.
 38523 | Hell     | Found a gateway to the Iron City of Dis.
 38599 | Hell     | Learned a level 7 spell: Malign Gateway
 38625 | Coc:1    | Entered Level 1 of Cocytus
 38670 | Coc:4    | You are sucked into a shaft and drop 1 floor!
 38828 | Coc:7    | Entered Level 7 of Cocytus
 38924 | Coc:7    | Reached skill level 15 in Invocations
 38965 | Coc:7    | Gained mutation: Scrolls take you a little longer to read.
                  | [mutagenic glow]
 38988 | Coc:7    | Identified the Incunabulum of Heat and the Escort
 39051 | Coc:7    | Reached skill level 15 in Earth Magic
 39247 | Coc:7    | Reached skill level 10 in Translocations
 39427 | Coc:7    | Noticed Antaeus
 39473 | Coc:7    | Killed Antaeus
 39483 | Coc:7    | Got an icy rune of Zot
 39599 | Depths:4 | Bought a potion of mutation for 400 gold pieces
 39599 | Depths:4 | Bought a potion of mutation for 400 gold pieces
 39599 | Depths:4 | Bought a potion of mutation for 400 gold pieces
 39599 | Depths:4 | Bought a potion of mutation for 400 gold pieces
 39599 | Depths:4 | Bought a potion of mutation for 400 gold pieces
 39599 | Depths:4 | Bought a potion of mutation for 400 gold pieces
 39599 | Depths:4 | Bought a potion of mutation for 400 gold pieces
 39599 | Depths:4 | Bought a potion of mutation for 400 gold pieces
 39599 | Depths:4 | Bought a potion of mutation for 400 gold pieces
 39599 | Depths:4 | Bought a potion of mutation for 400 gold pieces
 39599 | Depths:4 | Lost mutation: You have sharp toenails. [potion of
                  | mutation]
 39599 | Depths:4 | Lost mutation: Scrolls take you a little longer to read.
                  | [potion of mutation]
 39599 | Depths:4 | Lost mutation: You expend magic power (3 MP) to strengthen
                  | your wands. [potion of mutation]
 39599 | Depths:4 | Lost mutation: Your mind is very acute. (Int +4) [potion of
                  | mutation]
 39599 | Depths:4 | Gained mutation: Your mind is very acute. (Int +4) [potion
                  | of mutation]
 39599 | Depths:4 | Gained mutation: You possess an exceptional clarity of
                  | mind. [potion of mutation]
 39755 | Hell     | Upgraded the game from 0.25-a0-265-g7af84ae0ac to
                  | 0.25-a0-292-gaa31f046c4
 39798 | Dis:1    | Entered Level 1 of the Iron City of Dis
 39867 | Tar:1    | Entered Level 1 of Tartarus
 40999 | Tar:4    | You are sucked into a shaft and drop 2 floors!
 41007 | Tar:7    | Entered Level 7 of Tartarus
 41306 | Tar:7    | Noticed Ereshkigal
 41329 | Tar:7    | Noticed an ancient lich
 41342 | Tar:7    | Slain by a reaper

Levels and vault maps discovered:
D:1:      wheals_arrival_shading, layout_basic, minmay_fountain_box,
          kennysheep_flooded_box
D:2:      layout_loops_ring, chequers_serial_rivers_small_3, minmay_pentomino_p2
D:3:      layout_rooms, lemuel_crystal_altar, first_ration
D:4:      layout_loops_corners, ashenzari_altar_1,
          nemelex_xobeh_ov_fountains_minmay
D:5:      corexii_shack_village, layout_loops_ring,
          minmay_temple_entry_water_ring, serial_shops, kennysheep_mini,
          bloody_trog
D:6:      layout_cave_pods, lemuel_round_altar, tgw_sif, lemuel_round_altar,
          kennysheep_mini_moat, serial_shops, shop, nicolae_shop_waterfront,
          shop, grunt_dithmenos_smoke_and_mirrors
D:7:      layout_loops_ring, serial_shops, nicolae_shop_trees, uniq_joseph
D:8:      layout_loops_ring, kennysheep_little_box,
          chequers_serial_rivers_micro_d, the_bakery, lightli_minifort,
          uniq_erica
D:9:      layout_irregular_city, serial_shops, shop, shop,
          minmay_fractal_squares_gapless_5
D:10:     layout_loops_ring, erik_lair_island, uniq_fannar
D:11:     layout_loops_corners, kennysheep_generic_room_6
D:12:     minmay_glassy_protrusions, layout_basic, erik_orc_3,
          bh_hangedman_babel_library, uniq_nergalle
D:13:     layout_rooms, portal_ice_cave_entry_pillars_1, gauntlet_entry_generic,
          lightli_wizard_tower
D:14:     layout_cave_pools, david_vaults_2, gammafunk_ghost_grave,
          dk_noncrumbling_2, minmay_misc_feat_tower
D:15:     gammafunk_depths_entry_grave, layout_irregular_city, enter_trove_3,
          lemuel_angel_altar
Temple:   eino_narrow_crystal_temple
Lair:1:   layout_cave_pods, disabler_island
Lair:2:   layout_roguey, elwin_shoals_entry_rooms
Lair:3:   layout_small_grid, guppyfry_snake_entry_island, beast_lair_carwin_1,
          lemuel_fruit_fields
Lair:4:   layout_regular_city, gammafunk_ghost_ooze, grunt_megastairs_4
Lair:5:   layout_roguey, nicolae_slime_entry_slimehenge, lemuel_fruit_fields
Lair:6:   evilmike_catoblepas_cave, layout_cave_pods, lemuel_fruit_fields
Shoals:1: layout_shoals, argonaut_gorgonesque
Shoals:2: layout_shoals, uniq_polyphemus, uniq_ilsuiw
Shoals:3: layout_shoals
Shoals:4: shoals_end_grunt_ice, layout_shoals, shoal_ilsuiw
Snake:1:  layout_cave_shapes
Snake:2:  gammafunk_the_bubble [the_bubble_gammafunk_split], layout_basic,
          grunt_ministairs_3, grunt_megastairs_1, uniq_aizul, uniq_roxanne,
          uniq_louise
Snake:3:  layout_concentric_octagons, uniq_vashnia, uniq_asterion
Snake:4:  grunt_snake_rune_serpentine_throne, layout_chambers, basic_altar,
          serial_shops, shop, hangedman_corner_corridor
Slime:1:  layout_caves, cheibrodos_slime_lost_civilization_6
Slime:2:  layout_caves
Slime:3:  layout_caves
Slime:4:  layout_caves, nicolae_slime_barrier, uniq_dissolution
Slime:5
Orc:1:    layout_diamond_mine
Orc:2:    st_orc_ogre_mass, layout_diamond_mine, serial_shops, shop
Elf:1:    layout_loops_corners, serial_shops, nicolae_shop_window_shopping,
          minmay_elf_necromancy, grunt_ministairs_1
Elf:2:    layout_geoelf_diagonals
Elf:3:    grunt_elf_hall_diamonds, layout_geoelf_castle, serial_shops,
          nicolae_shop_stone, shop_fountains, shop
Vaults:1: nicolae_vaults_rhombus_7, v_misc_24, v_misc_15, grunt_vaults_diagonal,
          ontoclasm_vaults_twist, nicolae_vaults_little_squares_5,
          vaults_room_door_ring, v_alt_pattern_2, v_misc_2, v_misc_22,
          layout_vaults_chaotic_city
Vaults:2: v_misc_8, ontoclasm_vaults_ring_square, nicolae_vaults_arrows,
          v_misc_23, hangedman_vaults_nodes, ontoclasm_vaults_misaligned,
          vaults_room_pool, st_cross, nicolae_vaults_specimen_jars,
          layout_vaults_maze_snakey
Vaults:3: nicolae_vaults_network_quincunx
          [nicolae_vaults_network_quincunx_subvault,
          nicolae_vaults_network_quincunx_subvault,
          nicolae_vaults_network_quincunx_subvault,
          nicolae_vaults_network_quincunx_subvault,
          nicolae_vaults_network_quincunx_subvault],
          ontoclasm_vaults_claustrophobia, ontoclasm_vaults_echo,
          minmay_crypt_entry_necro_gods, nicolae_vaults_ninety_degrees,
          ontoclasm_vaults_spin, v_misc_5, vaults_dpeg_hooks,
          vaults_room_grunt_arrival_ludios, vaults_room_hallway,
          nicolae_vaults_angled_halls, nicolae_vaults_network_barrier,
          layout_vaults_omnicross
Vaults:4: nicolae_vaults_network_quinsquares
          [nicolae_vaults_network_quincunx_subvault,
          nicolae_vaults_network_quincunx_subvault,
          nicolae_vaults_network_quincunx_subvault,
          nicolae_vaults_network_quincunx_subvault], vaults_dpeg_encased_lava,
          hangedman_vaults_stream, vaults_mumra_minichess,
          vaults_mumra_chevron_long, grunt_vaults_bifocal,
          vaults_standard_mumra_enter_the_diamond, vaults_room_pools,
          dpeg_vaults_waves, hangedman_vaults_cutoff, vaults_mumra_lcd,
          hangedman_vaults_cutoff, vaults_room_stairs_pillars,
          layout_vaults_omnibox
Vaults:5
Depths:1: layout_big_octagon, serial_shops, nicolae_shop_statue_plus,
          hangedman_geh_valley, minmay_misc_feat_plants, evilmike_butchery,
          minmay_shop_grove
Depths:2: lemuel_river_lethe, hell_entry
Depths:3: minmay_the_grid_triangle_9x9_rhombus_full
          [minmay_the_grid_triangle_9x9_longest,
          minmay_the_grid_triangle_9x9_warning,
          minmay_the_grid_triangle_9x9_negative_grid,
          minmay_the_grid_triangle_9x9_tough_junction,
          minmay_the_grid_triangle_9x9_windchime,
          minmay_the_grid_triangle_9x9_corruption,
          minmay_the_grid_triangle_9x9_alien,
          minmay_the_grid_triangle_9x9_prize_special], layout_cave_shapes,
          serial_shops, bzr_entry_water, minmay_misc_feat_pillars,
          gammafunk_ghost_cemetery, grunt_hell_entry_dis_old,
          rand_demon_pan_entry_7, uniq_margery
Depths:4: grated_community_mu [grated_community_mu_vampire_home,
          grated_community_mu_giant_home, grated_community_mu_spellcaster_home,
          grated_community_mu_orcish_home, grated_community_mu_troll_home,
          grated_community_mu_taur_home, grated_community_mu_unbuilt_plot],
          layout_gridlike, hangedman_abyss_entry_splay, hell_entry,
          uniq_saint_roka
Depths:5: grunt_bruiser_brothers, layout_basic, serial_co_window_serial,
          co_window_of_opportunity_a, co_window_paths_a, co_window_paths_b,
          co_window_paths_a, co_window_corner_a, co_window_corner_b,
          co_window_broadway_c, co_window_2corner, co_window_paths_e,
          co_window_4corner_a, glass_columns_c, glass_columns_b, hell_entry,
          pan_entry, serial_bayou_pond_e
Hell
Dis:1:    hangedman_dis_monolith, layout_regular_city,
          hangedman_dis_decor_blocks_crown
Coc:1:    layout_cocytus_water_paths
Coc:2:    layout_cocytus_water_paths
Coc:3:    layout_ice_bergs
Coc:4:    layout_cocytus_water_paths
Coc:5:    layout_ice_bergs
Coc:6:    layout_cocytus_water_paths
Coc:7:    coc_dpeg
Tar:1:    layout_grid_maze
Tar:2:    grunt_deathspiral_small, layout_cathedral_of_symmetry
Tar:3:    layout_catacombs
Tar:4:    layout_honeycomb, nicolae_tar_cuneiform_water
Tar:6:    layout_honeycomb, nicolae_tar_cuneiform_bread
Tar:7:    tar_old

Skill      XL: |  1  2  3  4  5  6  7  8  9 10 11 12 13 14 15 16 17 18 19 20 21 22 23 24 25 26 27 |
---------------+----------------------------------------------------------------------------------+-----
Maces & Flails | 3 4 5 6 7 8 9 10 11 12 13 14 15 16 19 20 21 | 21.1
Armour         | 4 5 7 8 10 11 12 13 14 15 16 | 16.0
Shields        | 4 5 6 7 8 9 10 11 12 14 15 | 15.4
Invocations    | 1 3 4 5 6 7 8 9 10 11 12 13 15 | 15.0
Throwing       | 2 3 4 5 6 8 9 10 12 | 12.2
Evocations     | 2 4 5 6 7 8 9 |  9.0
Fighting       | 5 7 8 9 10 12 14 16 | 16.6
Earth Magic    | 2 4 5 7 10 11 17 | 17.2
Spellcasting   | 2 3 4 5 6 7 8 9 12 16 17 18 | 18.0
Transmutations | 1 3 4 6 7 8 |  8.0
Stealth        | 2 4 5 |  5.0
Translocations | 1 3 4 5 6 11 | 11.4
Dodging        | 2 4 5 6 8 9 10 | 10.1
Necromancy     | 2 4 5 7 8 |  8.1
Summonings     | 2 4 5 6 7 9 |  9.4
Air Magic      | 2 3 4 5 |  5.0
Conjurations   | 2 5 8 |  8.0
Charms         | 3 |  3.0

Action                   |  1- 3 |  4- 6 |  7- 9 | 10-12 | 13-15 | 16-18 | 19-21 | 22-24 | 25-27 || total
-------------------------+-------+-------+-------+-------+-------+-------+-------+-------+-------++-------
Melee: Flail             |   140 |   198 |   275 |   291 |       |       |       |       |       ||   904
       Eveningstar       |       |       |       |   294 |   830 |  1219 |  1436 |  1089 |  1700 ||  6568
       Kick              |       |       |       |       |       |       |       |       |    72 ||    72
 Fire: Hunting sling     |       |     5 |       |       |       |       |       |       |       ||     5
Throw: Stone             |       |     5 |       |       |       |       |       |       |       ||     5
       Boomerang         |       |       |     2 |    26 |    62 |   125 |   141 |   241 |    50 ||   647
       Dart              |       |       |       |     4 |     6 |     5 |     6 |     1 |     5 ||    27
       Javelin           |       |       |       |       |       |     2 |    29 |    15 |     9 ||    55
       Throwing net      |       |       |       |       |       |       |       |     1 |     1 ||     2
 Cast: Passwall          |       |       |       |       |     1 |    14 |    82 |    59 |    93 ||   249
       Apportation       |       |       |       |       |       |    25 |    83 |   145 |   103 ||   356
       Blink             |       |       |       |       |       |       |    14 |     8 |    24 ||    46
       Animate Dead      |       |       |       |       |       |       |    31 |    28 |    58 ||   117
       Summon Butterflie |       |       |       |       |       |       |     4 |     2 |       ||     6
       Summon Lightning  |       |       |       |       |       |       |       |    56 |    27 ||    83
       Borgnjor's Vile C |       |       |       |       |       |       |       |    22 |    53 ||    75
       Passage of Golubr |       |       |       |       |       |       |       |    32 |    80 ||   112
       Regeneration      |       |       |       |       |       |       |       |    14 |    56 ||    70
       Summon Forest     |       |       |       |       |       |       |       |     7 |    10 ||    17
       Death Channel     |       |       |       |       |       |       |       |     5 |    53 ||    58
       Malign Gateway    |       |       |       |       |       |       |       |       |    14 ||    14
       Lesser Beckoning  |       |       |       |       |       |       |       |       |     5 ||     5
       Irradiate         |       |       |       |       |       |       |       |       |     4 ||     4
Invok: Bend Time         |       |       |     3 |    16 |    24 |     9 |     7 |     1 |       ||    60
       Slouch            |       |       |       |       |     7 |    20 |     8 |     3 |    14 ||    52
       Temporal Distorti |       |       |       |       |     1 |     4 |     8 |       |       ||    13
       Step From Time    |       |       |       |       |       |       |       |       |     1 ||     1
 Abil: Stop Flying       |       |       |       |       |     1 |       |     1 |       |     1 ||     3
       Fly               |       |       |       |       |       |     1 |       |     1 |     1 ||     3
       Evoke Invisibilit |       |       |       |       |       |       |       |       |     4 ||     4
Evoke: Wand              |       |       |     1 |     8 |     7 |    29 |    24 |    16 |    10 ||    95
       Lamp of fire      |       |       |       |     1 |     1 |     1 |     5 |     2 |     2 ||    12
       Phantom mirror    |       |       |       |       |       |       |       |     1 |       ||     1
       Staff of energy   |       |       |       |       |       |       |       |    18 |    28 ||    46
       Box of beasts     |       |       |       |       |       |       |       |       |     2 ||     2
  Use: Scroll            |     5 |     7 |     3 |     5 |    13 |    13 |    11 |    19 |    15 ||    91
       Potion            |       |     1 |     2 |     2 |     2 |     1 |     8 |     6 |     6 ||    28
 Stab: Paralysed         |       |       |     4 |     3 |       |       |     1 |       |       ||     8
       Distracted        |       |       |       |     1 |       |     3 |     8 |    18 |    33 ||    63
       Sleeping          |       |       |       |       |     7 |       |     1 |     1 |     3 ||    12
       Invisible         |       |       |       |       |     1 |       |     6 |       |    13 ||    20
       Petrified         |       |       |       |       |       |     4 |       |       |       ||     4
       Petrifying        |       |       |       |       |       |     1 |       |       |       ||     1
  Eat: Chunk             |     2 |     5 |     4 |     9 |    14 |    13 |    22 |     5 |     6 ||    80
       Ration            |       |       |     1 |       |       |     1 |       |     3 |     7 ||    12
Armor: Scale mail        |    73 |    82 |       |       |       |       |       |       |       ||   155
       Chain mail        |       |    19 |   125 |   270 |   415 |   525 |   331 |   279 |   823 ||  2787
Dodge: Dodged            |    46 |    43 |    53 |   126 |   193 |   390 |   358 |   310 |  1112 ||  2631
Block: Shield            |    57 |    81 |   137 |   357 |   605 |   943 |  1038 |   807 |  2365 ||  6390
       Reflection        |       |       |       |       |       |    22 |   118 |    55 |       ||   195

Table legend:
 A = Non-vault XP
 B = Vault XP
 C = Vault XP percentage of total XP
 D = Non-vault monster count
 E = Vault monster count
 F = Vault count percentage of total count
                 A         B        C        D         E       F
            +---------+---------+-------+---------+---------+-------
      Total |  845735 |  691149 |  45.0 |    1730 |     875 |  33.6
            +---------+---------+-------+---------+---------+-------
        D:1 |      44 |       0 |   0.0 |      22 |       0 |   0.0
        D:2 |      45 |       1 |   2.2 |      21 |       1 |   4.5
        D:3 |     145 |       0 |   0.0 |      34 |       0 |   0.0
        D:4 |     270 |       0 |   0.0 |      18 |       0 |   0.0
        D:5 |     505 |      17 |   3.3 |      13 |      10 |  43.5
        D:6 |     304 |       0 |   0.0 |      10 |       0 |   0.0
        D:7 |    1648 |     455 |  21.6 |      19 |       1 |   5.0
        D:8 |     589 |    1413 |  70.6 |      10 |       6 |  37.5
        D:9 |    2376 |      61 |   2.5 |      30 |       3 |   9.1
       D:10 |    2353 |    1570 |  40.0 |      25 |       9 |  26.5
       D:11 |    7585 |       0 |   0.0 |      39 |       0 |   0.0
       D:12 |    9068 |    7711 |  46.0 |      50 |      23 |  31.5
       D:13 |    5996 |    1473 |  19.7 |      22 |       3 |  12.0
       D:14 |   15773 |    2352 |  13.0 |      42 |       4 |   8.7
       D:15 |   17511 |    4366 |  20.0 |      46 |      10 |  17.9
     Lair:1 |    2227 |       0 |   0.0 |      10 |       0 |   0.0
     Lair:2 |    5353 |     756 |  12.4 |      23 |       2 |   8.0
     Lair:3 |    5014 |     986 |  16.4 |      15 |       5 |  25.0
     Lair:4 |    8011 |    1002 |  11.1 |      29 |       6 |  17.1
     Lair:5 |    4619 |     179 |   3.7 |      11 |       5 |  31.2
     Lair:6 |   10644 |   11348 |  51.6 |      32 |      23 |  41.8
   Shoals:1 |   20845 |    3323 |  13.7 |      40 |       7 |  14.9
   Shoals:2 |    8315 |   11961 |  59.0 |      14 |      12 |  46.2
   Shoals:3 |   10783 |       0 |   0.0 |      22 |       0 |   0.0
   Shoals:4 |   14249 |   32450 |  69.5 |      29 |      40 |  58.0
    Snake:1 |   20056 |       0 |   0.0 |      42 |       0 |   0.0
    Snake:2 |   19641 |   11563 |  37.1 |      38 |      19 |  33.3
    Snake:3 |   12971 |    9907 |  43.3 |      28 |       7 |  20.0
    Snake:4 |   26505 |   43032 |  61.9 |      53 |      64 |  54.7
    Slime:1 |   11334 |       0 |   0.0 |      17 |       0 |   0.0
    Slime:2 |    9962 |       0 |   0.0 |      13 |       0 |   0.0
    Slime:3 |   12748 |       0 |   0.0 |      20 |       0 |   0.0
    Slime:4 |   18910 |    8304 |  30.5 |      21 |       1 |   4.5
    Slime:5 |    9965 |   29205 |  74.6 |      28 |      11 |  28.2
      Orc:1 |    1484 |       0 |   0.0 |      22 |       0 |   0.0
      Orc:2 |    2541 |   17835 |  87.5 |      32 |      37 |  53.6
      Elf:1 |    4949 |     728 |  12.8 |       9 |       2 |  18.2
      Elf:2 |    2604 |       0 |   0.0 |       4 |       0 |   0.0
      Elf:3 |   23485 |   40015 |  63.0 |      36 |      30 |  45.5
   Vaults:1 |   40970 |    2646 |   6.1 |      71 |       3 |   4.1
   Vaults:2 |   30115 |   23782 |  44.1 |      39 |      40 |  50.6
   Vaults:3 |   25982 |   18302 |  41.3 |      44 |      25 |  36.2
   Vaults:4 |   15618 |   32194 |  67.3 |      27 |      37 |  57.8
   Vaults:5 |   19881 |  102647 |  83.8 |      33 |      79 |  70.5
   Depths:1 |   29987 |     161 |   0.5 |      35 |       1 |   2.8
   Depths:2 |       0 |   49269 | 100.0 |       0 |     114 | 100.0
   Depths:3 |   38707 |   46863 |  54.8 |      49 |      32 |  39.5
   Depths:4 |   52750 |   47338 |  47.3 |      64 |      84 |  56.8
   Depths:5 |   37499 |   17299 |  31.6 |      41 |      15 |  26.8
       Hell |   18184 |   18594 |  50.6 |      39 |      35 |  47.3
      Coc:1 |     880 |       0 |   0.0 |       3 |       0 |   0.0
      Coc:6 |   41456 |       0 |   0.0 |      38 |       0 |   0.0
      Coc:7 |   46287 |   66136 |  58.8 |      70 |      34 |  32.7
      Tar:1 |   36203 |       0 |   0.0 |      55 |       0 |   0.0
      Tar:2 |   34025 |       0 |   0.0 |      42 |       0 |   0.0
      Tar:3 |   15639 |       0 |   0.0 |      30 |       0 |   0.0
      Tar:4 |    6334 |       0 |   0.0 |      15 |       0 |   0.0
      Tar:7 |   14165 |   17857 |  55.8 |      25 |      21 |  45.7
    Abyss:2 |    9626 |       0 |   0.0 |      21 |       0 |   0.0
   Gauntlet |       0 |    6048 | 100.0 |       0 |      14 | 100.0
            +---------+---------+-------+---------+---------+-------
